TOP OF THE 1ST |
Lone Star BC batting - Pitching for Chicago Hawks : RHP Jeff Reynolds
|
Pitching: RHP Jeff Reynolds
|
|
Batting: RHB Nathan Clay
|
0-0: Ball 1-0: Called Strike 1-1: SINGLE (Flyball, 9S)
|
Batting: SHB Leonard O'Connor
|
0-0: Ball 1-0: Called Strike 1-1: Ball 2-1: Ball 3-1: Base on Balls Nathan Clay to second
|
Batting: RHB Vicente Toro
|
0-0: Ball 1-0: Grounds into double play, 5-4-3 (Groundball, 56) Nathan Clay to third
|
Batting: SHB Virgil Eberle
|
0-0: Called Strike 0-1: Ball 1-1: Foul Ball, location: 2F 1-2: Strikes out swinging
|
Top of the 1st over - 0 run(s), 1 hit(s), 0 error(s), 1 left on base; Lone Star 0 - Chicago 0 |
BOTTOM OF THE 1ST |
Chicago Hawks batting - Pitching for Lone Star BC : RHP José Alaniz
|
Pitching: RHP José Alaniz
|
|
Batting: LHB Motoshige Kitamura
|
0-0: Ball 1-0: Ball 2-0: Foul Ball, location: 2F 2-1: Ball 3-1: Foul Ball, location: 2F 3-2: Foul Ball, location: 2F 3-2: Foul Ball, location: 2F 3-2: Ground out U3 (Groundball, 3S)
|
Batting: LHB Paul Wilson
|
0-0: Called Strike 0-1: Ball 1-1: Called Strike 1-2: Ball 2-2: Ball 3-2: Base on Balls
|
Batting: LHB Mal Wadley
|
0-0: Ball Throwing error on steal attempt, E2 Paul Wilson to third 1-0: Ball 2-0: Foul Ball, location: 2F 2-1: Foul Ball, location: 2F 2-2: Foul Ball, location: 2F 2-2: Ball 3-2: Foul Ball, location: 2F 3-2: Fly out, F3 (Line Drive, 3L)
|
Batting: RHB Bryan Manning
|
0-0: Ball 1-0: Foul Ball, location: 2F 1-1: Swinging Strike 1-2: Foul Ball, location: 2F 1-2: Ball 2-2: Ball 3-2: Base on Balls
|
Batting: LHB Bobby Moore
|
0-0: Ball 1-0: Swinging Strike 1-1: Swinging Strike 1-2: Foul Ball, location: 2F 1-2: Strikes out swinging
|
Bottom of the 1st over - 0 run(s), 0 hit(s), 1 error(s), 2 left on base; Lone Star 0 - Chicago 0 |
TOP OF THE 2ND |
Lone Star BC batting - Pitching for Chicago Hawks : RHP Jeff Reynolds
|
Batting: RHB Luis Mendoza
|
0-0: Called Strike 0-1: Ball 1-1: Foul Ball, location: 2F 1-2: Ground out 6-3 (Groundball, 6)
|
Batting: RHB Tanyu Kimura
|
0-0: Swinging Strike 0-1: Swinging Strike 0-2: Ball 1-2: Ground out 4-3 (Groundball, 4)
|
Now at 2B: Ted Young
|
|
Batting: RHB Randy García
|
0-0: Foul Ball, location: 2F 0-1: Foul Ball, location: 2F 0-2: Ball 1-2: Ball 2-2: SINGLE (Groundball, 56D)
|
Batting: RHB José Alaniz
|
0-0: Called Strike 0-1: Foul Ball, location: 2F 0-2: Ball 1-2: Foul Ball, location: 2F 1-2: Strikes out looking
|
Top of the 2nd over - 0 run(s), 1 hit(s), 0 error(s), 1 left on base; Lone Star 0 - Chicago 0 |
BOTTOM OF THE 2ND |
Chicago Hawks batting - Pitching for Lone Star BC : RHP José Alaniz
|
Batting: RHB Cliff Dixon
|
0-0: SINGLE (Groundball, 6MD)
|
Batting: RHB Ed Whitaker
|
0-0: Ball 1-0: Called Strike 1-1: Foul Ball, location: 2F 1-2: Foul Ball, location: 2F 1-2: Strikes out looking
|
Batting: RHB Ted Young
|
0-0: Ball 1-0: Ball 2-0: Swinging Strike 2-1: Ball 3-1: Base on Balls Cliff Dixon to second
|
Batting: RHB Jeff Reynolds
|
0-0: Bunted foul 0-1: Bunt missed! 0-2: Bunted foul, Strikeout!
|
Batting: LHB Motoshige Kitamura
|
0-0: Swinging Strike 0-1: Ground out 4-3 (Groundball, 4)
|
Bottom of the 2nd over - 0 run(s), 1 hit(s), 0 error(s), 2 left on base; Lone Star 0 - Chicago 0 |
TOP OF THE 3RD |
Lone Star BC batting - Pitching for Chicago Hawks : RHP Jeff Reynolds
|
Batting: RHB Soseki Matsunaga
|
0-0: Fly out, F8 (Line Drive, 8LM)
|
Batting: RHB Nathan Clay
|
0-0: Ball 1-0: Swinging Strike 1-1: Fly out, F3 (Popup, 3SF)
|
Batting: SHB Leonard O'Connor
|
0-0: Ball 1-0: Ball 2-0: Called Strike 2-1: Swinging Strike 2-2: Strikes out swinging
|
Top of the 3rd over - 0 run(s), 0 hit(s), 0 error(s), 0 left on base; Lone Star 0 - Chicago 0 |
BOTTOM OF THE 3RD |
Chicago Hawks batting - Pitching for Lone Star BC : RHP José Alaniz
|
Batting: LHB Paul Wilson
|
0-0: Called Strike 0-1: Ball 1-1: Ground out 6-3 (Groundball, 6)
|
Batting: LHB Mal Wadley
|
0-0: Foul Ball, location: 2F 0-1: Ball 1-1: Ball 2-1: Ground out 1-3 (Groundball, 13)
|
Batting: RHB Bryan Manning
|
0-0: Ball 1-0: Called Strike 1-1: Ball 2-1: Called Strike 2-2: Foul Ball, location: 2F 2-2: Foul Ball, location: 2F 2-2: Ground out 4-3 (Groundball, 34)
|
Bottom of the 3rd over - 0 run(s), 0 hit(s), 0 error(s), 0 left on base; Lone Star 0 - Chicago 0 |
TOP OF THE 4TH |
Lone Star BC batting - Pitching for Chicago Hawks : RHP Jeff Reynolds
|
Batting: RHB Vicente Toro
|
0-0: Ball 1-0: Ball 2-0: Ball 3-0: Called Strike 3-1: SINGLE (Groundball, 56D)
|
Batting: SHB Virgil Eberle
|
0-0: Hit by Pitch Vicente Toro to second
|
Batting: RHB Luis Mendoza
|
0-0: Swinging Strike 0-1: Swinging Strike 0-2: Strikes out swinging
|
Batting: RHB Tanyu Kimura
|
0-0: Ball 1-0: Grounds into double play, U5-3 (Groundball, 5L)
|
Top of the 4th over - 0 run(s), 1 hit(s), 0 error(s), 1 left on base; Lone Star 0 - Chicago 0 |
BOTTOM OF THE 4TH |
Chicago Hawks batting - Pitching for Lone Star BC : RHP José Alaniz
|
Batting: LHB Bobby Moore
|
0-0: Foul Ball, location: 2F 0-1: Ball 1-1: Ball 2-1: Ground out 3-1 (Groundball, 34)
|
Batting: RHB Cliff Dixon
|
0-0: Ground out 5-3 (Groundball, 56S)
|
Batting: RHB Ed Whitaker
|
0-0: Ball 1-0: Foul Ball, location: 2F 1-1: Swinging Strike 1-2: Ball 2-2: Foul Ball, location: 2F 2-2: Strikes out looking
|
Bottom of the 4th over - 0 run(s), 0 hit(s), 0 error(s), 0 left on base; Lone Star 0 - Chicago 0 |
TOP OF THE 5TH |
Lone Star BC batting - Pitching for Chicago Hawks : RHP Jeff Reynolds
|
Batting: RHB Randy García
|
0-0: Ball 1-0: Ball 2-0: Ball 3-0: Base on Balls
|
Batting: RHB José Alaniz
|
0-0: Bunt missed! 0-1: Bunted foul 0-2: Bunted foul, Strikeout!
|
Batting: RHB Soseki Matsunaga
|
0-0: Ground out 3-1 (Groundball, 34) Randy García to second
|
Batting: RHB Nathan Clay
|
0-0: SINGLE (Line Drive, 89S) Randy García to third Runner from 3rd tries for Home, SAFE, no throw or cutoff
|
Batting: SHB Leonard O'Connor
|
0-0: Called Strike 0-1: Ball 1-1: Foul Ball, location: 2F 1-2: Ball Nathan Clay steals 2nd base 2-2: SINGLE (Groundball, 3L) Nathan Clay to third Runner from 3rd tries for Home, throw and OUT!
|
Top of the 5th over - 1 run(s), 2 hit(s), 0 error(s), 1 left on base; Lone Star 1 - Chicago 0 |
BOTTOM OF THE 5TH |
Chicago Hawks batting - Pitching for Lone Star BC : RHP José Alaniz
|
Batting: RHB Ted Young
|
0-0: Ball 1-0: Ground out 6-3 (Groundball, 6M)
|
Batting: RHB Jeff Reynolds
|
0-0: Called Strike 0-1: Foul Ball, location: 2F 0-2: Ball 1-2: Fly out, F8 (Flyball, 8LM)
|
Batting: LHB Motoshige Kitamura
|
0-0: Ball 1-0: Ball 2-0: Foul Ball, location: 2F 2-1: SINGLE (Line Drive, 5D)
|
Batting: LHB Paul Wilson
|
0-0: Foul Ball, location: 2F 0-1: Ball 1-1: Ball 2-1: Foul Ball, location: 2F Pickoff Throw to First - Out!
|
Bottom of the 5th over - 0 run(s), 1 hit(s), 0 error(s), 0 left on base; Lone Star 1 - Chicago 0 |
TOP OF THE 6TH |
Lone Star BC batting - Pitching for Chicago Hawks : RHP Jeff Reynolds
|
Batting: RHB Vicente Toro
|
0-0: Called Strike 0-1: Foul Ball, location: 2F 0-2: Ball 1-2: Ball 2-2: Foul Ball, location: 2F 2-2: Foul Ball, location: 2F 2-2: Strikes out swinging
|
Batting: SHB Virgil Eberle
|
0-0: Fly out, F8 (Flyball, 8LD)
|
Batting: RHB Luis Mendoza
|
0-0: Ball 1-0: SINGLE (Line Drive, 9LM)
|
Batting: RHB Tanyu Kimura
|
0-0: Foul Ball, location: 2F 0-1: Ball 1-1: Fly out, F9 (Popup, 9LS)
|
Top of the 6th over - 0 run(s), 1 hit(s), 0 error(s), 1 left on base; Lone Star 1 - Chicago 0 |
BOTTOM OF THE 6TH |
Chicago Hawks batting - Pitching for Lone Star BC : RHP José Alaniz
|
Batting: LHB Paul Wilson
|
0-0: Ball 1-0: Ball 2-0: Ball 3-0: Called Strike 3-1: Called Strike 3-2: Base on Balls
|
Batting: LHB Mal Wadley
|
0-0: DOUBLE (Line Drive, 9LM) Paul Wilson to third
|
Batting: RHB Bryan Manning
|
0-0: Called Strike 0-1: Ball 1-1: Ground out 3-1 (Groundball, 34) Paul Wilson scores Mal Wadley to third
|
Batting: LHB Bobby Moore
|
0-0: Reached on error, E1 (Groundball, 23) Mal Wadley scores
|
Batting: RHB Cliff Dixon
|
0-0: Ball 1-0: Grounds into double play, 6-4-3 (Groundball, 6)
|
Bottom of the 6th over - 2 run(s), 1 hit(s), 1 error(s), 0 left on base; Lone Star 1 - Chicago 2 |
TOP OF THE 7TH |
Lone Star BC batting - Pitching for Chicago Hawks : RHP Jeff Reynolds
|
Batting: RHB Randy García
|
0-0: Foul Ball, location: 2F 0-1: Ball 1-1: Called Strike 1-2: Ball 2-2: Ball 3-2: Base on Balls
|
Batting: RHB José Alaniz
|
0-0: Bunted foul 0-1: Bunted foul 0-2: Bunted foul, Strikeout!
|
Pinch Hitting: LHB Ray Merrill
|
0-0: Called Strike 0-1: Called Strike 0-2: Ball 1-2: Ball Wild Pitch! Randy García to second 2-2: Strikes out looking
|
Batting: RHB Nathan Clay
|
0-0: Ball 1-0: Ball 2-0: Foul Ball, location: 2F 2-1: SINGLE (Line Drive, 6) Randy García to third Runner from 3rd tries for Home, SAFE, throw made home Nathan Clay to second
|
Batting: SHB Leonard O'Connor
|
0-0: Ball 1-0: Swinging Strike 1-1: Ball 2-1: Ball 3-1: Base on Balls
|
Batting: RHB Vicente Toro
|
0-0: Ball 1-0: Foul Ball, location: 2F 1-1: Called Strike 1-2: Ball 2-2: Ground out 6-3 (Groundball, 56)
|
Top of the 7th over - 1 run(s), 1 hit(s), 0 error(s), 2 left on base; Lone Star 2 - Chicago 2 |
BOTTOM OF THE 7TH |
Chicago Hawks batting - Pitching for Lone Star BC : RHP José Alaniz
|
Now in LF: Ray Merrill
|
|
Batting: RHB Ed Whitaker
|
0-0: Foul Ball, location: 2F 0-1: Swinging Strike 0-2: Ball 1-2: Ground out 2-3 (Groundball, 25)
|
Pinch Hitting: RHB Mitch Jensen
|
0-0: Ground out 5-3 (Groundball, 56)
|
Batting: RHB Jeff Reynolds
|
0-0: Ball 1-0: Ground out 6-3 (Groundball, 6)
|
Bottom of the 7th over - 0 run(s), 0 hit(s), 0 error(s), 0 left on base; Lone Star 2 - Chicago 2 |
TOP OF THE 8TH |
Lone Star BC batting - Pitching for Chicago Hawks : RHP Jeff Reynolds
|
Now at 2B: Mitch Jensen
|
|
Batting: SHB Virgil Eberle
|
0-0: Foul Ball, location: 2F 0-1: Foul Ball, location: 2F 0-2: SINGLE (Groundball, 34D)
|
Batting: RHB Luis Mendoza
|
0-0: Called Strike Virgil Eberle steals 2nd base 0-1: Foul Ball, location: 2F 0-2: Ball 1-2: Ground out 4-3 (Groundball, 4) Virgil Eberle to third
|
Batting: RHB Tanyu Kimura
|
0-0: Intentional Walk
|
Pitching: RHP Martin Benthall
|
|
Batting: RHB Randy García
|
0-0: Ball 1-0: Called Strike 1-1: Ball Tanyu Kimura steals 2nd base 2-1: SINGLE (Groundball, 5L) Virgil Eberle scores Tanyu Kimura to third Runner from 3rd tries for Home, SAFE, no throw or cutoff
|
Pinch Hitting: LHB Gregory Johnson
|
0-0: Called Strike 0-1: Foul Ball, location: 2F 0-2: SINGLE (Line Drive, 34) Randy García to second
|
Batting: LHB Ray Merrill
|
0-0: Called Strike 0-1: Fielders Choice at 2nd, 1-4 (Groundball, 15S) Randy García to third
|
Batting: RHB Nathan Clay
|
0-0: Called Strike 0-1: Ball 1-1: Swinging Strike 1-2: Ball 2-2: Ball 3-2: Strikes out swinging
|
Top of the 8th over - 2 run(s), 3 hit(s), 0 error(s), 2 left on base; Lone Star 4 - Chicago 2 |
BOTTOM OF THE 8TH |
Chicago Hawks batting - Pitching for Lone Star BC : RHP José Alaniz
|
Pitching: RHP Ramón Aguilera
|
|
Now at SS: Jake Hutchinson
|
|
Batting: LHB Motoshige Kitamura
|
0-0: Ground out 4-3 (Groundball, 4M)
|
Batting: LHB Paul Wilson
|
0-0: Ball 1-0: Fly out, F7 (Flyball, 7M)
|
Batting: LHB Mal Wadley
|
0-0: Called Strike 0-1: SOLO HOME RUN (Line Drive, 9LD), Distance : 339 ft
|
Pitching: RHP Esteban Arroyo
|
|
Batting: RHB Bryan Manning
|
0-0: Swinging Strike 0-1: Ground out 6-3 (Groundball, 6)
|
Bottom of the 8th over - 1 run(s), 1 hit(s), 0 error(s), 0 left on base; Lone Star 4 - Chicago 3 |
TOP OF THE 9TH |
Lone Star BC batting - Pitching for Chicago Hawks : RHP Martin Benthall
|
Batting: SHB Leonard O'Connor
|
0-0: Ball 1-0: Ball 2-0: Ball 3-0: Base on Balls
|
Batting: RHB Vicente Toro
|
0-0: Foul Ball, location: 2F 0-1: Ball 1-1: Swinging Strike 1-2: Foul Ball, location: 2F 1-2: Grounds into double play, 5-4-3 (Groundball, 56)
|
Batting: SHB Virgil Eberle
|
0-0: Ball 1-0: Called Strike 1-1: Swinging Strike 1-2: Strikes out swinging
|
Top of the 9th over - 0 run(s), 0 hit(s), 0 error(s), 0 left on base; Lone Star 4 - Chicago 3 |
BOTTOM OF THE 9TH |
Chicago Hawks batting - Pitching for Lone Star BC : RHP Esteban Arroyo
|
Pitching: RHP Lanny Larson
|
|
Batting: LHB Bobby Moore
|
0-0: Ball 1-0: Called Strike 1-1: Called Strike 1-2: Strikes out swinging
|
Batting: RHB Cliff Dixon
|
0-0: Ball 1-0: Ball 2-0: Ball 3-0: Base on Balls
|
Batting: RHB Ed Whitaker
|
0-0: Fly out, F6 (Popup, 8LS)
|
Batting: RHB Mitch Jensen
|
0-0: Ball 1-0: Ball 2-0: Foul Ball, location: 2F 2-1: Ground out 5-3 (Groundball, 5L)
|
Bottom of the 9th over - 0 run(s), 0 hit(s), 0 error(s), 1 left on base; Lone Star 4 - Chicago 3 |
|